 Dungeon Crawl Stone Soup version 0.31.0-12-g77e489cdc1 (webtiles) character file.

Game seed: 4511148457413978599

4258 Heoruswealwe the Thaumaturge (level 10, -10/50 HPs)
             Began as a Deep Elf Conjurer on Feb 19, 2024.
             Was a Believer of Vehumet.
             Mangled by a gnoll sergeant
             ... wielding a +0 glaive
              (14 damage)
             ... in a bailey.
             The game lasted 01:20:27 (7477 turns).

Heoruswealwe the Thaumaturge (Deep Elf Conjurer)    Turns: 7477, Time: 01:20:32

Health: -10/50     AC:  7    Str:  4    XL:     10   Next: 10%
Magic:  1/29       EV: 12    Int: 28    God:    Vehumet [**....]
Gold:   514        SH:  0    Dex: 13    Spells: 17/36 levels left

rFire   + + .        a - +0 rapier
rCold   . . .        (no shield)
rNeg    . . .        c - +1 robe {rF+}
rPois   .            (no helmet)
rElec   .            h - +0 cloak
rCorr   .            (no gloves)
SInv    +            e - +2 pair of boots
Will    ++...        (no amulet)
Stlth   ++           k - ring of protection from fire
HPRegen 0.28/turn    j - ring of willpower
MPRegen 0.21/turn

%: no passive effects
@: weakened
A: no striking features
a: Renounce Religion


You were in a bailey.
You worshipped Vehumet.
Vehumet was pleased with you.
You visited 2 branches of the dungeon, and saw 9 of its levels.
You also visited: Ossuary and Bailey.

You collected 514 gold pieces.

Inventory:

Hand Weapons
 a - a +0 rapier (weapon)
 b - a +0 war axe
Armour
 c - a +1 robe of fire resistance (worn)
 e - a +2 pair of boots (worn)
 h - a +0 cloak (worn)
Jewellery
 j - a ring of willpower (right hand)
 k - a ring of protection from fire (left hand)
Wands
 u - a wand of charming (15)
Scrolls
 f - 2 scrolls of revelation
 i - 2 scrolls of enchant armour {unknown}
 l - 5 scrolls of teleportation {unknown}
 n - 2 scrolls of amnesia {unknown}
 o - 2 scrolls of enchant weapon {unknown}
 q - a scroll of vulnerability {unknown}
 r - a scroll of butterflies {unknown}
 s - 4 scrolls of fear {unknown}
 t - 4 scrolls of immolation {unknown}
 v - a scroll of blinking {unknown}
Potions
 p - 3 potions of brilliance
 x - a potion of mutation
 z - a potion of haste


   Skills:
 - Level 2.4 Dodging
 - Level 2.4 Stealth
 + Level 13.7 Spellcasting
 + Level 12.1 Conjurations


You had 17 spell levels left.
You knew the following spells:

 Your Spells              Type           Power      Damage    Failure   Level
a - Magic Dart            Conj           100%       1d8       1%          1
b - Searing Ray           Conj           100%       2d8       1%          2
c - Momentum Strike       Conj/Tloc      100%       3d10      1%          2
d - Dazzling Flash        Conj/Hex       100%       N/A       1%          3
e - Mephitic Cloud        Conj/Alch/Air  41%        N/A       1%          3
f - Fulminant Prism       Conj/Alch      26%        3d14      2%          4
g - Iskenderun's Mystic   Conj/Tloc      52%        2d11      2%          4

Your spell library contained the following spells:

 Spells                   Type           Power      Damage    Failure   Level
 Sandblast                Erth           38%        2d10      2%          1
 Blink                    Tloc           38%        N/A       4%          2
 Lesser Beckoning         Tloc           38%        N/A       4%          2
 Gell's Gravitas          Tloc           19%        N/A       9%          3
 Teleport Other           Tloc           19%        N/A       9%          3
 Curse of Agony           Necr           19%        N/A       58%         5
 Silence                  Hex/Air        9%         N/A       58%         5


Dungeon Overview and Level Annotations

Branches:
Dungeon (8/15)             Temple (1/1) D:6         Ossuary (visited)
 Bailey (1/1)
   Lair: D:8-11

Altars:
Ashenzari
Elyvilon
Gozag
Hepliaklqana
Kikubaaqudgha
Makhleb
Nemelex Xobeh
Okawaru
Qazlal
Ru
Sif Muna
Trog
Vehumet
Wu Jian
Xom
Yredelemnul


Message History

The gnoll sergeant closely misses you.
The gnoll sergeant completely misses you.
The gnoll sergeant barely misses you. The gnoll sergeant barely misses you.
A gnoll bouda comes into view. It is wielding a +0 halberd.
The gnoll sergeant barely misses you. The gnoll closely misses you.
The gnoll sergeant closely misses you. The gnoll sergeant barely misses you.
The gnoll closely misses you.
The gnoll sergeant hits you from afar with a +0 glaive!
* * * LOW HITPOINT WARNING * * *
The gnoll sergeant hits you from afar with a +0 halberd.
* * * LOW HITPOINT WARNING * * *
Casting: Iskenderun's Mystic Blast (dangerous; 2% risk of failure)
Confirm with . or Enter, or press ? or * to list all spells.
You erupt in a blast of force!
The mystic blast hits the gnoll sergeant!
The gnoll sergeant is heavily wounded.
The gnoll sergeant is knocked back by the mystic blast.
The gnoll sergeant collides with the gnoll bouda!
The gnoll bouda is lightly wounded.
The mystic blast hits the gnoll sergeant but does no damage.
The gnoll sergeant is heavily wounded.
The mystic blast hits the gnoll!
You kill the gnoll!
Vehumet accepts your kill.
You feel your power returning.
You hear a shout!
The gnoll sergeant barely misses you.
The gnoll bouda gazes fiercely through you!
You feel your attacks grow feeble.
A gnoll comes into view. It is wielding a +0 halberd.
The gnoll barely misses you. Why would you want to do that?
As you read the scroll labelled ACLOFU ZOSHUE, it crumbles to dust.
You feel aware of your surroundings.
It was a scroll of revelation.
A gnoll sergeant, a wolf and 3 gnolls come into view.
A gnoll is wielding a +0 halberd and quivering 2 throwing nets.
A gnoll is wielding a +0 halberd and quivering a throwing net.
The gnoll sergeant hits you from afar with a +0 glaive!
You die...

#,,,*,,,,,,,*,,,*≈♣
#**'*,,,8...#...#≈♣♣♣###
#,,,*,,,,g..#...#≈♣♣♣###
#,,,**,,,..##...#≈♣♣♣###
#,,,,**,,g##....#≈♣♣♣###
#8,,,,##'##....8#≈♣♣♣###
#,,,,,#...#.....#≈♣♣♣###
##,,,,'...'....##≈♣♣♣###
.##,,,#...#...##@≈♣♣♣###
..#####.).#####..≈♣♣♣###
............)gggg≈♣♣♣###
≈........g.ggggg≈≈♣♣♣###
≈≈≈≈≈≈≈≈≈≈≈≈≈≈≈≈≈♣♣♣♣###
♣♣♣♣♣♣♣♣♣♣♣♣♣♣♣♣♣♣♣♣♣###
###############
###############


You could see 5 gnoll sergeants, 2 gnoll boudas and 5 gnolls.

Vanquished Creatures
  Maggie (D:7)
  Sigmund (D:2)
  A wyvern (D:8)
  A water moccasin (D:8)
  2 orc warriors (D:6)
  An ice beast (D:8)
  A sky beast (D:7)
  2 black bears
  A centaur (D:6)
  A bullfrog (D:6)
  2 kobold brigands
  2 scorpions
  5 wights (D:8)
  14 killer bees
  A howler monkey (D:4)
  6 bombardier beetles
  4 bullfrog zombies (Ossuary)
  6 hounds
  3 orc priests
  Crazy Yiuf (D:3)
  2 gnoll boudas (Bailey)
  3 iguanas
  3 jellies
  Jessica (D:3)
  7 mummies (Ossuary)
  7 orc wizards
  A killer bee zombie (Ossuary)
  3 crocodile zombies (Ossuary)
  2 hound zombies (Ossuary)
  2 howler monkey zombies (Ossuary)
  10 gnolls
  10 adders
  2 white imps
  A ribbon worm zombie (D:6)
  A ribbon worm (D:2)
  36 orcs
  6 ball pythons
  3 bats
  4 endoplasms
  5 giant cockroaches
  6 hobgoblins
  21 kobolds
  5 quokkas
  2 ball python zombies (Ossuary)
  4 frilled lizards
  15 goblins
  4 rats
222 creatures vanquished.

Notes
Turn   | Place    | Note
-------+----------+-------------------------------------------
     0 | D:1      | Heoruswealwe the Deep Elf Conjurer began the quest for the
                  | Orb.
     0 | D:1      | Reached XP level 1. HP: 10/10 MP: 6/6
   107 | D:1      | Reached XP level 2. HP: 15/15 MP: 0/8
   113 | D:1      | Learned a level 2 spell: Searing Ray
   349 | D:1      | Learned a level 2 spell: Momentum Strike
   436 | D:1      | Reached skill level 4 in Spellcasting
   541 | D:1      | Reached skill level 5 in Conjurations
   541 | D:1      | Reached XP level 3. HP: 19/19 MP: 8/10
   775 | D:2      | Learned a level 3 spell: Dazzling Flash
  1130 | D:2      | Reached XP level 4. HP: 23/24 MP: 7/12
  1137 | D:2      | Learned a level 3 spell: Mephitic Cloud
  1284 | D:2      | Noticed Sigmund
  1291 | D:2      | Killed Sigmund
  1292 | D:2      | Reached skill level 6 in Spellcasting
  1292 | D:2      | Reached XP level 5. HP: 18/28 MP: 5/15
  1539 | D:3      | Learned a level 4 spell: Fulminant Prism
  1715 | D:3      | Noticed Jessica
  1718 | D:3      | Killed Jessica
  1719 | D:3      | Reached XP level 6. HP: 32/32 MP: 13/17
  1827 | D:3      | Found a faded altar of an unknown god.
  1967 | D:3      | Found a runed translucent door.
  1968 | D:3      | Noticed Crazy Yiuf
  1972 | D:3      | Killed Crazy Yiuf
  1973 | D:3      | Reached skill level 7 in Spellcasting
  2059 | D:3      | Learned a level 4 spell: Iskenderun's Mystic Blast
  2501 | D:4      | Reached XP level 7. HP: 36/36 MP: 8/19
  2920 | D:4      | Reached skill level 8 in Spellcasting
  3189 | D:5      | Entered Level 5 of the Dungeon
  4191 | D:6      | Reached skill level 9 in Spellcasting
  4191 | D:6      | Reached XP level 8. HP: 30/41 MP: 13/23
  4219 | D:6      | Reached skill level 10 in Spellcasting
  4246 | D:6      | Found a staircase to the Ecumenical Temple.
  4429 | D:6      | Found a sand-covered staircase.
  4450 | Ossuary  | Entered an ossuary
  4568 | Ossuary  | Reached skill level 11 in Spellcasting
  4578 | Ossuary  | Reached skill level 10 in Conjurations
  4768 | Ossuary  | Reached XP level 9. HP: 43/45 MP: 4/26
  5995 | Temple   | Entered the Ecumenical Temple
  6014 | Temple   | Became a worshipper of Vehumet
  6661 | D:7      | Noticed Maggie
  6672 | D:7      | Killed Maggie
  6673 | D:7      | Reached skill level 12 in Spellcasting
  7002 | D:8      | Reached * piety under Vehumet
  7002 | D:8      | Offered knowledge of Freeze by Vehumet.
  7003 | D:8      | Reached skill level 13 in Spellcasting
  7036 | D:8      | Reached XP level 10. HP: 30/50 MP: 1/29
  7154 | D:8      | Found a flagged portal.
  7171 | Bailey   | Entered a bailey
  7176 | Bailey   | Reached ** piety under Vehumet
  7180 | Bailey   | Offered knowledge of Sandblast by Vehumet.
  7477 | Bailey   | Mangled by a gnoll sergeant

Illustrated notes

Levels and vault maps discovered:
D:1:      spicycebolla_arrival_transporter_tutorial, layout_basic, st_stairs_9
D:2:      layout_basic, uniq_sigmund
D:3:      layout_rooms, basic_ecumenical_altar, uniq_crazy_yiuf_cottage,
          uniq_jessica
D:4:      layout_loops_corners, serial_rivers, chequers_serial_rivers_micro_c,
          chequers_serial_rivers_large_b, chequers_serial_rivers_micro_e,
          chequers_serial_rivers_small_3, chequers_serial_rivers_large_a
D:5:      layout_loops_corners, minmay_statues_item
D:6:      layout_rooms, minmay_temple_entry_from_below_b, enter_ossuary_3,
          grunt_ministairs_15
D:7:      layout_loops_corners, uniq_maggie
D:8:      layout_layer_cave, lightli_bailey_entry_fortress, uniq_erica
Temple:   nicolae_temple_slightly_damp_pantheon
Bailey:   bailey_polearm_gnolls_kennysheep, bailey

Skill      XL: |  1  2  3  4  5  6  7  8  9 10 |
---------------+-------------------------------+-----
Spellcasting   | 4 6 7 9 11 13 | 13.7
Conjurations   | 5 6 7 8 10 11 12 | 12.1
Dodging        | |  2.4
Stealth        | |  2.4

Action                     |  1- 3 |  4- 6 |  7- 9 | 10-12 || total
---------------------------+-------+-------+-------+-------++-------
  Melee: Dagger            |     9 |     1 |       |       ||    10
         Rapier            |       |       |    14 |     6 ||    20
         Short sword       |       |       |     9 |       ||     9
   Cast: Magic Dart        |    77 |    58 |   106 |    14 ||   255
         Searing Ray       |       |     8 |    44 |     3 ||    55
         Momentum Strike   |       |     3 |    16 |       ||    19
         Iskenderun's Myst |       |       |    35 |    11 ||    46
    Use: Scroll            |       |       |    10 |     1 ||    11
         Potion            |       |       |     8 |     2 ||    10
 Armour: Robe              |     9 |    11 |    66 |    28 ||   114
  Dodge: Dodged            |    18 |     7 |    60 |    42 ||   127
